 Dungeon Crawl Stone Soup version 0.22-a0-247-gbddf880 (webtiles) character file.

30035 b5mith the Fighter (level 13, -3/183 HPs)
             Began as a Minotaur Berserker on Feb 27, 2018.
             Was a High Priest of Trog.
             Killed by divine providence
             ... invoked by a meliai
              (17 damage)
             ... on level 13 of the Dungeon.
             The game lasted 00:37:05 (13360 turns).

b5mith the Fighter (Minotaur Berserker)            Turns: 13360, Time: 00:37:06

Health: -3/183     AC: 15    Str: 35    XL:     13   Next: 18%
Magic:  12/12      EV: 16    Int:  4    God:    Trog [*****.]
Gold:   733        SH:  0    Dex: 10    Spells: 12/12 levels left

rFire    . . .     SeeInvis .   Z - +1 great sword (holy)
rCold    . . .     Gourm    .   (shield currently unavailable)
rNeg     . . .     Faith    +   f - +0 scale mail
rPois    +         Spirit   .   (helmet restricted)
rElec    .         Reflect  .   k - +0 cloak
rCorr    .         Harm     .   H - +1 pair of gloves
MR       .....                  o - +0 pair of boots
Stlth    ..........             F - amulet of faith
HPRegen  0.40/turn              D - +3 ring of strength
MPRegen  0.13/turn              d - ring of poison resistance

@: berserking (expiring), lethally poisoned (-3 -> -7), very quick
A: retaliatory headbutt, horns 2
a: Berserk, Trog's Hand, Brothers in Arms, Renounce Religion


You were on level 13 of the Dungeon.
You worshipped Trog.
Trog was extremely pleased with you.
You were very hungry.

You visited 1 branch of the dungeon, and saw 13 of its levels.

You collected 733 gold pieces.

Inventory:

Hand Weapons
 W - a +2 scimitar of holy wrath
 Z - a +1 great sword of holy wrath (weapon)
Missiles
 C - 10 javelins (quivered)
 E - 19 tomahawks
 U - 4 silver javelins
Armour
 f - a +0 scale mail (worn)
 k - a +0 cloak (worn)
 o - a +0 pair of boots (worn)
 H - a +1 pair of gloves (worn)
Jewellery
 a - an uncursed ring of protection from cold
 d - a ring of poison resistance (right hand)
 g - a +3 ring of intelligence
 D - a +3 ring of strength (left hand)
 F - an amulet of faith (around neck)
 M - an uncursed amulet of guardian spirit
Wands
 b - a wand of polymorph (17)
 y - a wand of clouds (16)
 B - a wand of iceblast (7)
 T - a wand of paralysis (3)
 X - a wand of flame (12)
Scrolls
 h - 2 scrolls of enchant armour
 i - 3 scrolls of remove curse {@r2}
 j - 4 scrolls of teleportation
 m - 2 scrolls of fear {unknown}
 q - a scroll of blinking {unknown}
 w - 4 scrolls of fog
 z - 3 scrolls of enchant weapon
 I - 2 scrolls of amnesia {unknown}
 L - a scroll of immolation {unknown}
 Q - a scroll of brand weapon {unknown}
 S - a scroll of summoning {unknown}
Potions
 e - 2 potions of curing {unknown}
 n - 3 potions of might
 r - 3 potions of lignification
 s - 4 potions of magic
 t - 2 potions of resistance
 u - 3 potions of haste
 v - a potion of invisibility {unknown}
 A - a potion of berserk rage {unknown}
 K - a potion of flight {unknown}
 N - a potion of heal wounds
Miscellaneous
 p - a lightning rod (4/4)
 Y - a phial of floods
Comestibles
 c - 22 rations
 l - 7 chunks of flesh


   Skills:
 + Level 13.6 Fighting
 + Level 13.6 Long Blades
 + Level 13.3 Armour
 + Level 12.4 Dodging


You had 12 spell levels left.
You didn't know any spells.

Dungeon Overview and Level Annotations

Branches:
Dungeon (13/15)            Temple (0/1) D:7            Lair (0/6) D:9
    Orc (0/2) D:10         Vaults (0/5) D:13

Altars:
Okawaru
Uskayaw


Innate Abilities, Weirdness & Mutations

You reflexively headbutt those who attack you in melee.
You have a pair of horns on your head.


Message History

You closely miss the meliai.
The meliai is severely wounded.
You feel sick. The meliai hits you but does no damage.
The meliai closely misses you. The shadow imp barely misses you.
You furiously retaliate!
You headbutt the shadow imp!
The meliai mumbles some strange prayers to its god against you.
Something smites you!
* * * LOW HITPOINT WARNING * * *
You hit the meliai. Your headbutt misses the meliai.
The meliai is almost dead.
You feel sick.
The meliai calls down the wrath of its god upon you.
Something smites you!
* * * LOW HITPOINT WARNING * * *
The shadow imp misses you.
You barely miss the shadow imp. Your headbutt misses the shadow imp.
The shadow imp is severely wounded.
The meliai mumbles some strange prayers to its god against you.
Something smites you!
You die...

.....##..#..# #...#####.....
.....##..#..####...........<.
.###.##..#...................
...#.##............####..y...
.###.##..#..####...# .....
.........#..# #...# ....
......#..#..# #...# ...
.###.##..#..# #5y.# y.
...#.##..#..# #@).# .
.###..#..#..# #...#
......#..#..# #...#
.##...#..# #...# .##..##..#
#.... .##..##..# #.....
.##..##..# ....### .##..##..#
....# .....##..#


You could see a meliai and a shadow imp.

Vanquished Creatures
  Snorg (D:11)
  Josephine (D:13)
  A slime creature (D:12)
  3 hydras
  8 vault guards (D:13)
  A catoblepas (D:13)
  5 two-headed ogres
  A tengu warrior (D:13)
  An unseen horror (D:13)
  5 ugly things
  A deep elf mage (D:13)
  A cyclops (D:12)
  A manticore (D:11)
  An elephant (D:9)
  A komodo dragon (D:12)
  2 meliai (D:13)
  5 trolls
  A tengu conjurer (D:13)
  4 hippogriffs
  A meliai zombie (D:12)
  A spriggan (D:9)
  7 wraiths
  A wyvern (D:12)
  Eustachio (D:6)
  A hungry ghost (D:11)
  A soldier ant (D:12)
  An ice beast (D:8)
  A swamp drake (D:10)
  7 orc warriors
  2 sky beasts
  3 black bears
  An eye of draining (D:11)
  6 ogres
  13 centaurs
  A crocodile (D:9)
  A big kobold (D:5)
  6 bullfrogs
  Blork the orc (D:4)
  A gnoll sergeant (D:6)
  A wyvern zombie (D:13)
  4 scorpions
  4 killer bees (D:13)
  4 wights (D:10)
  4 centaur zombies
  5 crimson imps
  4 hounds
  2 quasits
  18 orc wizards
  2 bullfrog zombies
  3 bullfrog skeletons
  7 orc priests
  4 centaur skeletons
  5 jellies
  3 iguanas
  4 worker ants
  A bullfrog simulacrum (D:12)
  2 hound skeletons (D:4)
  8 gnolls
  A howler monkey skeleton (D:5)
  4 adders
  3 shadow imps
  An adder skeleton (D:9)
  An adder zombie (D:8)
  4 worms
  A dart slug (D:1)
  7 leopard geckos
  60 orcs
  A ball python (D:4)
  3 bats
  A giant cockroach (D:1)
  6 goblins (D:1)
  4 hobgoblins (D:1)
  15 jackals
  3 quokkas
  6 frilled lizards
  A jackal zombie (D:5)
  6 kobolds
  8 rats
322 creatures vanquished.

Vanquished Creatures (others)
  An orc wizard (D:8)
1 creature vanquished.

Grand Total: 323 creatures vanquished

Notes
Turn   | Place    | Note
-------+----------+-------------------------------------------
     0 | D:1      | b5mith the Minotaur Berserker began the quest for the Orb.
     0 | D:1      | Reached XP level 1. HP: 19/19 MP: 0/0
    90 | D:1      | Reached XP level 2. HP: 22/27 MP: 1/1
   344 | D:1      | Reached ** piety under Trog
   470 | D:1      | Reached XP level 3. HP: 33/33 MP: 2/2
  1455 | D:3      | Found a faded altar of an unknown god.
  2299 | D:4      | Reached XP level 4. HP: 41/41 MP: 3/3
  2342 | D:4      | Reached XP level 5. HP: 47/47 MP: 4/4
  2353 | D:4      | Noticed Blork the orc
  2365 | D:4      | Killed Blork the orc
  2574 | D:4      | Reached skill level 5 in Fighting
  2583 | D:4      | Reached skill level 5 in Long Blades
  2589 | D:4      | Reached XP level 6. HP: 30/56 MP: 5/5
  2799 | D:4      | Reached *** piety under Trog
  3378 | D:5      | Entered Level 5 of the Dungeon
  3479 | D:5      | Reached skill level 5 in Armour
  3479 | D:5      | Reached XP level 7. HP: 62/62 MP: 6/6
  3641 | D:5      | Reached skill level 5 in Dodging
  4217 | D:5      | Reached XP level 8. HP: 66/71 MP: 7/7
  4958 | D:6      | Noticed Eustachio
  4985 | D:6      | Killed Eustachio
  5688 | D:7      | Found a staircase to the Ecumenical Temple.
  5756 | D:7      | Reached **** piety under Trog
  6427 | D:8      | Reached XP level 9. HP: 80/81 MP: 8/8
  6874 | D:8      | Reached ***** piety under Trog
  7046 | D:8      | Noticed a brown ugly thing
  7061 | D:8      | Killed a brown ugly thing
  7467 | D:9      | Noticed a two-headed ogre
  7476 | D:9      | Killed a two-headed ogre
  7608 | D:9      | Reached XP level 10. HP: 89/91 MP: 9/9
  7694 | D:9      | Found a hide-covered altar of Uskayaw.
  7705 | D:9      | Found a staircase to the Lair.
  7705 | D:9      | Noticed an elephant
  7733 | D:9      | Killed an elephant
  7959 | D:10     | Entered Level 10 of the Dungeon
  8268 | D:10     | Reached skill level 10 in Fighting
  8271 | D:10     | Reached skill level 10 in Long Blades
  8446 | D:10     | Found a staircase to the Orcish Mines.
  8618 | D:10     | Found an iron altar of Okawaru.
  8642 | D:10     | Noticed a two-headed ogre
  8650 | D:10     | Killed a two-headed ogre
  8650 | D:10     | Reached skill level 10 in Armour
  9037 | D:10     | Received a gift from Trog
  9404 | D:11     | Noticed a manticore
  9417 | D:11     | Reached XP level 11. HP: 82/101 MP: 10/10
  9598 | D:11     | Noticed a two-headed ogre
  9607 | D:11     | Killed a two-headed ogre
  9719 | D:11     | Found a labyrinth entrance.
  9885 | D:11     | Noticed Snorg
  9892 | D:11     | Killed Snorg
  9892 | D:11     | Reached skill level 10 in Dodging
  9999 | D:11     | Noticed a seven-headed hydra
 10006 | D:11     | Killed a 12-headed hydra
 10817 | D:12     | Noticed a six-headed hydra
 10828 | D:12     | Killed an 11-headed hydra
 10828 | D:12     | Received a gift from Trog
 10997 | D:12     | Noticed a green ugly thing
 11010 | D:12     | Killed a green ugly thing
 11047 | D:12     | Noticed a green ugly thing
 11048 | D:12     | Noticed a red ugly thing
 11058 | D:12     | Killed a green ugly thing
 11065 | D:12     | Killed a green ugly thing
 11065 | D:12     | Reached XP level 12. HP: 112/112 MP: 11/11
 11130 | D:12     | Received a gift from Trog
 11550 | D:13     | Noticed a vault guard
 11550 | D:13     | Noticed a vault guard
 11551 | D:13     | Noticed a vault guard
 11583 | D:13     | Killed a vault guard
 11588 | D:13     | Killed a vault guard
 11591 | D:13     | Killed a vault guard
 11628 | D:13     | Noticed a vault guard
 11641 | D:13     | Killed a vault guard
 11649 | D:13     | Noticed a vault guard
 11652 | D:13     | Noticed a vault guard
 11666 | D:13     | Killed a vault guard
 11670 | D:13     | Killed a vault guard
 11901 | D:13     | Noticed a vault guard
 11909 | D:13     | Killed a vault guard
 11937 | D:13     | Noticed a two-headed ogre
 11943 | D:13     | Killed a two-headed ogre
 11955 | D:13     | Found a gate to the Vaults.
 12178 | D:13     | Noticed a two-headed ogre
 12219 | D:13     | Killed a two-headed ogre
 12281 | D:13     | Noticed a vault guard
 12295 | D:13     | Killed a vault guard
 12736 | D:13     | Noticed Josephine
 12740 | D:13     | Noticed a seven-headed hydra
 12754 | D:13     | Killed Josephine
 12757 | D:13     | Killed a ten-headed hydra
 12757 | D:13     | Reached XP level 13. HP: 122/122 MP: 12/12
 13360 | D:13     | Killed from afar by a meliai

Vault maps used:
D:1:      minmay_arrival_jagged
D:3:      chequers_ecumenical_altar_simple_redux, serial_forest,
          infiniplex_forest_lined_4_way, infiniplex_forest_clump_medium,
          infiniplex_forest_lined_2, infiniplex_forest_pool,
          infiniplex_forest_lined_room_, infiniplex_forest_lined_2,
          infiniplex_forest_clump_small, infiniplex_forest_straight_2
D:4:      grunt_ministairs_6, uniq_blork_the_orc
D:5:      first_ration
D:6:      uniq_eustachio
D:7:      lemuel_temple_firewalk_b
D:8:      grunt_ministairs_1
D:9:      overflow_temple_1_default, david_lair_generic, the_bakery,
          minmay_misc_feat_more_columns
D:10:     erik_orc_1, basic_altar, minmay_variable_closet
D:11:     lab_entry_generic, uniq_snorg
D:12:     hangedman_weighted_door
D:13:     erik_vaults_2, minivault_27, minmay_misc_feat_nine_boxes,
          uniq_josephine

Skill      XL: |  1  2  3  4  5  6  7  8  9 10 11 12 |
---------------+-------------------------------------+-----
Fighting       | 4 5 6 7 9 10 12 13 | 13.6
Long Blades    | 4 5 6 7 9 10 12 13 | 13.6
Armour         | 3 4 5 6 7 9 10 11 13 | 13.3
Dodging        | 3 4 5 6 8 9 11 12 | 12.4

Action                   |  1- 3 |  4- 6 |  7- 9 | 10-12 | 13-15 || total
-------------------------+-------+-------+-------+-------+-------++-------
Melee: Falchion          |    89 |    77 |   287 |   313 |       ||   766
       Headbutt          |    10 |    23 |    82 |   144 |    21 ||   280
       Long sword        |       |       |       |    30 |       ||    30
       Great sword       |       |       |       |   103 |    60 ||   163
       Scimitar          |       |       |       |    20 |       ||    20
Throw: Javelin           |       |       |     3 |    12 |     5 ||    20
Invok: Berserk           |     1 |       |     1 |     9 |     2 ||    13
Evoke: Wand              |       |       |       |     3 |       ||     3
  Use: Scroll            |       |     1 |     6 |     5 |       ||    12
 Stab: Confused          |       |       |       |     1 |       ||     1
  Eat: Chunk             |     1 |     4 |     8 |    27 |     1 ||    41
       Ration            |     1 |       |     2 |       |     1 ||     4
Armor: Animal skin       |     5 |       |       |       |       ||     5
       Scale mail        |    23 |    42 |    90 |   170 |    31 ||   356
Dodge: Dodged            |    54 |    46 |   162 |   274 |    59 ||   595
       Rpst.: Falchion   |    11 |    10 |    53 |    35 |       ||   109
       Long sword        |       |       |       |     3 |       ||     3
       Great sword       |       |       |       |    10 |     9 ||    19
       Scimitar          |       |       |       |     4 |       ||     4

Table legend:
 A = Spawn XP
 B = Non-spawn XP
 C = Spawn XP percentage of total XP
 D = Spawn monster count
 E = Non-spawn monster count
 F = Spawn count percentage of total count
 G = Total turns spent on level
                    A         B        C        D         E        F      G
               +---------+---------+-------+---------+---------+-------+---------
         Total |       0 |   42908 |   0.0 |       0 |     323 |   0.0 | 13360
               +---------+---------+-------+---------+---------+-------+---------
           D:1 |       0 |      41 |   0.0 |       0 |      24 |   0.0 |   577
           D:2 |       0 |      16 |   0.0 |       0 |       8 |   0.0 |   754
           D:3 |       0 |      25 |   0.0 |       0 |       7 |   0.0 |   965
           D:4 |       0 |     493 |   0.0 |       0 |      25 |   0.0 |  1082
           D:5 |       0 |     889 |   0.0 |       0 |      24 |   0.0 |   963
           D:6 |       0 |    1137 |   0.0 |       0 |      31 |   0.0 |  1217
           D:7 |       0 |     166 |   0.0 |       0 |       6 |   0.0 |   856
           D:8 |       0 |    1512 |   0.0 |       0 |      31 |   0.0 |   862
           D:9 |       0 |    2230 |   0.0 |       0 |      13 |   0.0 |   683
          D:10 |       0 |    3732 |   0.0 |       0 |      44 |   0.0 |  1301
          D:11 |       0 |    5895 |   0.0 |       0 |      28 |   0.0 |  1194
          D:12 |       0 |    8705 |   0.0 |       0 |      39 |   0.0 |  1039
          D:13 |       0 |   18067 |   0.0 |       0 |      43 |   0.0 |  1867
               +---------+---------+-------+---------+---------+-------+---------
